 Dungeon Crawl Stone Soup version 0.24.0-123-gd5b16e6ec5 (webtiles) character file.

Game seed: 7167701994761227475, levelgen mode: deterministic

7388 mortelune the Fighter (level 11, 0/88 (90) HPs)
             Began as a Formicid Abyssal Knight on Dec 21, 2019.
             Was an Elder of Lugonu.
             Slain by a yak (7 damage)
             ... on level 10 of the Dungeon.
             The game lasted 00:21:06 (12617 turns).

mortelune the Fighter (Formicid Abyssal Knight)    Turns: 12617, Time: 00:21:06

HP:   0/88 (90)     AC: 13    Str: 24    XL:     11   Next: 36%
MP:   17/17         EV:  8    Int: 12    God:    Lugonu [****..]
Gold: 464           SH:  6    Dex: 10    Spells: 10/10 levels left

rFire    . . .     SeeInvis +   q - +4 scimitar (flame)
rCold    + . .     Gourm    .   (no shield)
rNeg     . . .     Faith    .   d - +1 chain mail
rPois    .         Spirit   .   (helmet unavailable)
rElec    .         Reflect  .   a - +0 cloak
rCorr    .         Harm     .   (no gloves)
MR       +....     Clarity  +   (no boots)
Stlth    ..........             e - amulet of magic regeneration
HPRegen  0.24/turn              l - +4 ring of strength
MPRegen  0.40/turn              A - ring of protection from cold

@: no status effects
A: permanent stasis, dig shafts and tunnels, four strong arms, antennae 3, large
bone plates 2, clarity
a: Dig, Shaft Self, Depart the Abyss, Bend Space, Banish, Corrupt, Renounce
Religion


You were on level 10 of the Dungeon.
You worshipped Lugonu.
Lugonu was greatly pleased with you.
You were very hungry.

You visited 2 branches of the dungeon, and saw 11 of its levels.
You visited the Abyss 1 time.
You also visited: Sewer.

You collected 464 gold pieces.

Inventory:

Hand Weapons
 q - a +4 scimitar of flaming (weapon)
Missiles
 r - 7 boomerangs (quivered)
Armour
 a - a +0 cloak (worn)
 b - a +0 leather armour
 d - a +1 chain mail (worn)
 p - a +0 scale mail
 F - a +0 ring mail
Jewellery
 e - an amulet of magic regeneration (around neck)
 l - a +4 ring of strength (left hand)
 s - an uncursed ring of resist corrosion
 v - an uncursed ring of stealth
 A - a ring of protection from cold (right hand)
 E - a +4 ring of intelligence
Wands
 u - a wand of disintegration (12)
 y - a wand of digging (8)
 z - a wand of flame (2)
 G - a wand of iceblast (17)
Scrolls
 g - 3 scrolls of remove curse
 h - 3 scrolls of teleportation
 n - a scroll of magic mapping {unknown}
 w - a scroll of immolation
 B - 2 scrolls of enchant armour
 C - a scroll of vulnerability {unknown}
 D - a scroll of noise {unknown}
Potions
 f - 6 potions of mutation
 i - 3 potions of lignification
 j - a potion of haste
 k - a potion of resistance
 m - 3 potions of brilliance
 o - a potion of flight
 t - 3 potions of degeneration {unknown}
 x - 2 potions of might {unknown}
Comestibles
 c - 8 rations


   Skills:
 + Level 9.8 Fighting
 + Level 9.5 Long Blades
 + Level 9.5 Armour
 - Level 0.8 Dodging
 + Level 9.3 Invocations


You had 10 spell levels left.
You didn't know any spells.
Your spell library contained the following spells:

 Spells                   Type           Power        Failure   Level  Hunger
 Infusion                 Chrm           #...         87%         1    ##.....
 Shroud of Golubria       Chrm/Tloc      #.....       95%         2    ###....
 Song of Slaying          Chrm           #.......     95%         2    ###....
 Regeneration             Chrm/Necr      #.........   99%         3    ####...
 Spectral Weapon          Hex/Chrm       #.......     99%         3    ####...


Dungeon Overview and Level Annotations

Branches:
Dungeon (10/15)            Temple (1/1) D:6           Sewer (visited)
   Lair: D:8-11         Orc: D:9-12

Altars:
Cheibriados
Kikubaaqudgha
Nemelex Xobeh
Ru
Trog
Uskayaw
Wu Jian
Xom

Annotations:
Abyss:1 Pikel, Psyche


Innate Abilities, Weirdness & Mutations

You cannot be hasted, slowed, berserked, paralysed or teleported.
You can dig through walls and to a lower floor.
Your four strong arms can wield two-handed weapons with a shield.
You have a pair of large antennae on your head. (SInv)
You are mostly covered in large bone plates. (SH +6)
You possess an exceptional clarity of mind.


Message History

* * * LOW HITPOINT WARNING * * *
You closely miss the yak.
The yak is severely wounded.
You block the yak's attack.
You hit the yak but do no damage.
The yak is severely wounded.
The yak completely misses you.
You riposte.
You closely miss the yak.
The yak is severely wounded.
You slash the yak! You burn the yak.
You kill the yak!
Lugonu accepts your kill.
You can now corrupt the fabric of space.
You hit the yak. You burn the yak.
The yak is lightly wounded.
The yak gores you!
* * * LOW HITPOINT WARNING * * *
You slash the yak! You burn the yak.
The yak is heavily wounded.
The yak gores you!
You die...

### #@# ######Y#
#......##########
#...............#
#.$###.####>....# #.
#......#....<#######
#
#......#...........#
#......#...........#
#......#...........#


You could see a yak.

Vanquished Creatures
  Erica (D:9)
  Maurice (D:9)
  2 hippogriffs
  11 yaks
  A wraith (D:8)
  A wyvern (D:9)
  A hungry ghost (D:7)
  Menkaure (D:6)
  An ice beast (D:6)
  2 sky beasts
  A black bear (D:6)
  3 necrophages
  4 slaves
  2 ogres
  2 phantoms
  A crocodile (Sewer)
  2 centaurs (D:5)
  A bullfrog (D:7)
  2 scorpions
  3 wights
  7 howler monkeys
  2 crimson imps
  2 centaur zombies
  A hound (D:9)
  3 jellies
  3 orc priests
  An iguana (D:5)
  7 orc wizards
  6 worker ants
  A hound zombie (D:4)
  A hound skeleton (D:8)
  A howler monkey zombie (D:5)
  3 gnolls (D:5)
  10 adders
  An ooze (D:1)
  An adder skeleton (D:7)
  An adder zombie (D:9)
  2 worms
  4 dart slugs
  8 leopard geckos
  23 orcs
  9 giant cockroaches
  5 goblins
  5 hobgoblins
  7 jackals
  3 quokkas
  3 ball pythons
  5 bats
  8 frilled lizards
  13 kobolds
  11 rats
200 creatures vanquished.

Vanquished Creatures (collateral kills)
  Edmund (D:4)
1 creature vanquished.

Vanquished Creatures (others)
  A two-headed ogre (D:6)
  A deep elf mage (D:9)
  A troll (D:9)
  An ogre (D:6)
  A shadow imp (D:6)
5 creatures vanquished.

Grand Total: 206 creatures vanquished

Notes
Turn   | Place    | Note
-------+----------+-------------------------------------------
     0 | Abyss:1  | mortelune the Formicid Abyssal Knight began the quest for
                  | the Orb.
     0 | Abyss:1  | Reached XP level 1. HP: 18/18 MP: 2/2
    86 | Abyss:1  | Noticed a smoke demon
    87 | D:1      | Escaped the Abyss
   427 | D:1      | Reached * piety under Lugonu
   486 | D:1      | Reached XP level 2. HP: 24/24 MP: 3/3
  1029 | D:2      | Reached XP level 3. HP: 23/29 MP: 4/4
  1363 | D:2      | Found a hide-covered altar of Uskayaw.
  1363 | D:2      | Found a sparkling altar of Nemelex Xobeh.
  1933 | D:2      | Reached XP level 4. HP: 12/37 MP: 5/5
  2155 | D:2      | Reached XP level 5. HP: 27/42 MP: 6/6
  3197 | D:3      | Reached ** piety under Lugonu
  3737 | D:3      | Gained mutation: You are partially covered in large bone
                  | plates. (SH +4) [potion of mutation]
  3737 | D:3      | Gained mutation: You are mostly covered in large bone
                  | plates. (SH +6) [potion of mutation]
  3737 | D:3      | Gained mutation: You possess an exceptional clarity of
                  | mind. [potion of mutation]
  3751 | D:3      | Reached XP level 6. HP: 14/49 MP: 7/7
  4134 | D:4      | Noticed Edmund
  4314 | D:4      | Found a glowing drain.
  4318 | Sewer    | Entered a sewer
  4467 | Sewer    | Reached *** piety under Lugonu
  4693 | Sewer    | Reached skill level 5 in Fighting
  4693 | Sewer    | Reached skill level 5 in Long Blades
  4693 | Sewer    | Reached XP level 7. HP: 43/56 MP: 8/8
  4848 | D:4      | Killed Edmund
  5376 | D:5      | Entered Level 5 of the Dungeon
  5812 | D:5      | Reached XP level 8. HP: 63/63 MP: 10/10
  5972 | D:5      | Reached skill level 5 in Armour
  6944 | D:6      | Noticed a two-headed ogre
  6946 | D:6      | Banished a two-headed ogre
  7026 | D:6      | Reached XP level 9. HP: 38/71 MP: 12/12
  7198 | D:6      | Found a staircase to the Ecumenical Temple.
  7243 | D:6      | Reached skill level 5 in Invocations
  8040 | D:6      | Noticed Menkaure
  8052 | D:6      | Killed Menkaure
  8242 | Temple   | Entered the Ecumenical Temple
  9027 | D:7      | Found a snail-covered altar of Cheibriados.
  9351 | D:7      | Noticed Pikel
  9379 | D:7      | Banished Pikel
  9789 | D:7      | Noticed a hippogriff
  9805 | D:7      | Killed a hippogriff
  9805 | D:7      | Reached XP level 10. HP: 45/78 MP: 13/15
 10082 | D:7      | Found a sacrificial altar of Ru.
 10558 | D:8      | Noticed Psyche
 10567 | D:7      | Banished Psyche
 10965 | D:8      | Found a shimmering altar of Xom.
 11793 | D:9      | Noticed Erica
 11797 | D:9      | Reached **** piety under Lugonu
 11813 | D:9      | Killed Erica
 11813 | D:9      | Reached XP level 11. HP: 59/87 MP: 17/17
 12051 | D:9      | Found a bloodstained altar of Trog.
 12147 | D:9      | Found an ancient bone altar of Kikubaaqudgha.
 12220 | D:9      | Noticed Maurice
 12249 | D:9      | Killed Maurice
 12390 | D:9      | Noticed a deep elf mage
 12392 | D:9      | Banished a deep elf mage
 12493 | D:10     | Entered Level 10 of the Dungeon
 12617 | D:10     | Slain by a yak

Levels and vault maps discovered:
D:1:      mrwooster_arrival_statue, layout_loops_ring,
          minmay_misc_feat_nine_boxes, item_on_display_a
D:2:      layout_loops_corners, chequers_temple_overflow_statue_of_worship,
          serial_bayou_lagoon_a, minmay_worlds_worst_comb
D:3:      layout_basic
D:4:      layout_loops_ring, gup_sewer_entry_spiral, uniq_edmund
D:5:      layout_layer_cave, first_ration
D:6:      layout_rooms, minmay_temple_entry_waves, uniq_menkaure
D:7:      layout_cave_pools, kennysheep_little_box, old_standard_altar,
          uniq_pikel
D:8:      layout_rooms, xom_teletrap_fun, uniq_psyche
D:9:      layout_roguey, kiku_gazebo_pond_becter, lemuel_crystal_altar,
          uniq_maurice, uniq_erica
D:10:     layout_irregular_city, david_lair_generic
Temple:   regret_index_temple_waves

Skill      XL: |  1  2  3  4  5  6  7  8  9 10 11 |
---------------+----------------------------------+-----
Long Blades    | 3 4 5 6 7 9 |  9.5
Armour         | 3 4 6 7 9 |  9.5
Fighting       | 4 5 6 7 9 |  9.8
Invocations    | 4 6 8 9 |  9.3
Dodging        | |  0.8

Action                   |  1- 3 |  4- 6 |  7- 9 | 10-12 || total
-------------------------+-------+-------+-------+-------++-------
Melee: Falchion          |    97 |   233 |   369 |   228 ||   927
       Scimitar          |       |       |       |    78 ||    78
Throw: Boomerang         |       |       |    22 |       ||    22
Invok: Depart the Abyss  |     1 |       |       |       ||     1
       Banish            |       |       |     4 |     3 ||     7
 Abil: Dig               |     1 |     2 |       |     3 ||     6
Evoke: Sack of spiders   |       |       |     1 |       ||     1
  Use: Scroll            |       |     7 |     3 |     1 ||    11
       Potion            |       |     5 |       |     2 ||     7
 Stab: Invisible         |       |       |       |     2 ||     2
  Eat: Chunk             |     3 |     6 |    11 |     5 ||    25
       Ration            |       |     1 |     3 |     1 ||     5
Armor: Leather armour    |    26 |     3 |       |       ||    29
       Chain mail        |       |    91 |   179 |   117 ||   387
       Ring mail         |       |       |       |     6 ||     6
Dodge: Dodged            |    56 |   112 |   127 |    81 ||   376
Block: Other             |       |    20 |    94 |    67 ||   181
       Rpst.: Falchion   |    18 |    34 |    42 |    20 ||   114
       Scimitar          |       |       |       |     8 ||     8
